TOP OF THE 1ST |
Surrey Sinners batting - Pitching for Eau Claire Esquires : RHP Gene McNeil
|
Pitching: RHP Gene McNeil
|
|
Batting: RHB Jesús Hernández
|
0-0: Foul Ball, location: 2F 0-1: TRIPLE (Line Drive, 89M)
|
Batting: RHB César Osequedo
|
0-0: Ball 1-0: Called Strike 1-1: Fly out, F8 (Line Drive, 8LM) Runner from 3rd tags up, SCORES, no throw
|
Batting: RHB Gustavo Torres
|
0-0: Called Strike 0-1: Called Strike 0-2: Foul Ball, location: 2F 0-2: Foul Ball, location: 2F 0-2: Ball 1-2: Ball 2-2: Fly out, F6 (Popup, 6D)
|
Batting: RHB Ángel Barker
|
0-0: Called Strike 0-1: Ball 1-1: Called Strike 1-2: Fly out, F8 (Flyball, 78XD)
|
Top of the 1st over - 1 run(s), 1 hit(s), 0 error(s), 0 left on base; Surrey 1 - Eau Claire 0 |
BOTTOM OF THE 1ST |
Eau Claire Esquires batting - Pitching for Surrey Sinners : RHP Ryan Balloun
|
Pitching: RHP Ryan Balloun
|
|
Batting: RHB Eric Fuller
|
0-0: SINGLE (Groundball, 56D) (infield hit)
|
Batting: LHB Edwin Ryan
|
0-0: Called Strike Eric Fuller steals 2nd base 0-1: Ground out 3-1 (Groundball, 34) Eric Fuller to third
|
Batting: LHB Michael Cook
|
0-0: Ball 1-0: SINGLE (Popup, 6D) Eric Fuller scores
|
Batting: RHB Norm Francis
|
0-0: Ball 1-0: Grounds into double play, 5-4-3 (Groundball, 56)
|
Bottom of the 1st over - 1 run(s), 2 hit(s), 0 error(s), 0 left on base; Surrey 1 - Eau Claire 1 |
TOP OF THE 2ND |
Surrey Sinners batting - Pitching for Eau Claire Esquires : RHP Gene McNeil
|
Batting: LHB Brian Ford
|
0-0: Ball 1-0: Ball 2-0: SINGLE (Flyball, 7S)
|
Batting: RHB Bill Little
|
0-0: Ball 1-0: Swinging Strike 1-1: Foul Ball, location: 2F 1-2: Ball 2-2: Strikes out looking
|
Batting: RHB Cooper Richard
|
0-0: Ball 1-0: Fielders Choice at 2nd, 5-4 (Groundball, 56)
|
Batting: RHB Carlos Rodríguez
|
0-0: Reached on Error, E9 (Flyball, 89S) Cooper Richard to third
|
Batting: LHB Edmund Ross
|
0-0: SINGLE (Groundball, 6MD) Cooper Richard scores Carlos Rodríguez to third Runner from 3rd tries for Home, SAFE, no throw or cutoff
|
Batting: RHB Jesús Hernández
|
0-0: Called Strike 0-1: Ball 1-1: Ball 2-1: Foul Ball, location: 2F 2-2: DOUBLE (Groundball, 3L) Edmund Ross to third Runner from 3rd tries for Home, SAFE, no throw or cutoff
|
Batting: RHB César Osequedo
|
0-0: Ball 1-0: Called Strike 1-1: Foul Ball, location: 2F 1-2: Strikes out looking
|
Top of the 2nd over - 3 run(s), 3 hit(s), 1 error(s), 1 left on base; Surrey 4 - Eau Claire 1 |
BOTTOM OF THE 2ND |
Eau Claire Esquires batting - Pitching for Surrey Sinners : RHP Ryan Balloun
|
Batting: RHB Dave Parker
|
0-0: Fly out, F8 (Flyball, 8RS)
|
Batting: RHB Ronald Parsons
|
0-0: Ball 1-0: Called Strike 1-1: Ball 2-1: Ball 3-1: Base on Balls
|
Batting: RHB José Ruíz
|
0-0: Ball 1-0: Swinging Strike 1-1: Ball 2-1: Ball 3-1: Base on Balls Ronald Parsons to second
|
Batting: RHB Seiji Kouno
|
0-0: Called Strike 0-1: DOUBLE (Flyball, 7LD) Ronald Parsons scores José Ruíz to third
|
Batting: LHB Jorge Fernández
|
0-0: Foul Ball, location: 2F 0-1: Ground out 2-3 (Groundball, 15S)
|
Batting: RHB Eric Fuller
|
0-0: Ball 1-0: Called Strike 1-1: Called Strike 1-2: Ball 2-2: Strikes out swinging
|
Bottom of the 2nd over - 1 run(s), 1 hit(s), 0 error(s), 2 left on base; Surrey 4 - Eau Claire 2 |
TOP OF THE 3RD |
Surrey Sinners batting - Pitching for Eau Claire Esquires : RHP Gene McNeil
|
Batting: RHB Gustavo Torres
|
0-0: Called Strike 0-1: Ground out 6-3 (Groundball, 6)
|
Batting: RHB Ángel Barker
|
0-0: Swinging Strike 0-1: Fly out, F8 (Flyball, 8RM)
|
Batting: LHB Brian Ford
|
0-0: Ground out 6-3 (Groundball, 6)
|
Top of the 3rd over - 0 run(s), 0 hit(s), 0 error(s), 0 left on base; Surrey 4 - Eau Claire 2 |
BOTTOM OF THE 3RD |
Eau Claire Esquires batting - Pitching for Surrey Sinners : RHP Ryan Balloun
|
Batting: LHB Edwin Ryan
|
0-0: Swinging Strike 0-1: Ball 1-1: Ball 2-1: Ball 3-1: Foul Ball, location: 2F 3-2: Strikes out swinging
|
Batting: LHB Michael Cook
|
0-0: SINGLE (Line Drive, 8RS)
|
Batting: RHB Norm Francis
|
0-0: 2-RUN HOME RUN (Flyball, 78XD), Distance : 374 ft
|
Batting: RHB Dave Parker
|
0-0: Ball 1-0: Foul Ball, location: 2F 1-1: Swinging Strike 1-2: Foul Ball, location: 2F 1-2: Ball 2-2: Ground out U3 (Groundball, 3S)
|
Batting: RHB Ronald Parsons
|
0-0: Called Strike 0-1: Foul Ball, location: 2F 0-2: Foul Ball, location: 2F 0-2: Strikes out swinging
|
Bottom of the 3rd over - 2 run(s), 2 hit(s), 0 error(s), 0 left on base; Surrey 4 - Eau Claire 4 |
TOP OF THE 4TH |
Surrey Sinners batting - Pitching for Eau Claire Esquires : RHP Gene McNeil
|
Batting: RHB Bill Little
|
0-0: Ball 1-0: Ball 2-0: Called Strike 2-1: Swinging Strike 2-2: Ball 3-2: Foul Ball, location: 2F 3-2: Foul Ball, location: 2F 3-2: Foul Ball, location: 2F 3-2: Base on Balls
|
Batting: RHB Cooper Richard
|
0-0: Ball 1-0: Ball 2-0: Ball 3-0: Base on Balls Bill Little to second
|
Batting: RHB Carlos Rodríguez
|
0-0: Foul Ball, location: 2F 0-1: Ball 1-1: Ball 2-1: Fly out, F9 (Flyball, 9LSF)
|
Batting: LHB Edmund Ross
|
0-0: Called Strike 0-1: Called Strike 0-2: Ball 1-2: Ball 2-2: SINGLE (Groundball, 3D) Bill Little to third Cooper Richard to second Runner from 3rd tries for Home, SAFE, throw made home Cooper Richard to third Edmund Ross to second
|
Batting: RHB Jesús Hernández
|
0-0: Ball 1-0: Ball 2-0: Ball 3-0: Called Strike 3-1: SINGLE (Flyball, 89S) Cooper Richard scores Edmund Ross to third Throwing error, E8 Edmund Ross scores Jesús Hernández to second
|
Pitching: RHP Ray McIntyre
|
|
Batting: RHB César Osequedo
|
0-0: Called Strike 0-1: Swinging Strike 0-2: Ball 1-2: Foul Ball, location: 2F 1-2: Foul Ball, location: 2F 1-2: Foul Ball, location: 2F 1-2: Foul Ball, location: 2F 1-2: Strikes out swinging
|
Batting: RHB Gustavo Torres
|
0-0: SINGLE (Line Drive, 6M) Jesús Hernández to third
|
Batting: RHB Ángel Barker
|
0-0: Ball 1-0: Ball 2-0: Called Strike 2-1: Ball 3-1: Base on Balls Gustavo Torres to second
|
Batting: LHB Brian Ford
|
0-0: Ball 1-0: Fly out, F7 (Flyball, 7LS)
|
Top of the 4th over - 3 run(s), 3 hit(s), 1 error(s), 3 left on base; Surrey 7 - Eau Claire 4 |
BOTTOM OF THE 4TH |
Eau Claire Esquires batting - Pitching for Surrey Sinners : RHP Ryan Balloun
|
Batting: RHB José Ruíz
|
0-0: Fly out, F9 (Popup, 9LS)
|
Batting: RHB Seiji Kouno
|
0-0: Ball 1-0: Ground out 3-1 (Groundball, 34S)
|
Batting: LHB Jorge Fernández
|
0-0: Ball 1-0: Called Strike 1-1: Ball 2-1: Ball 3-1: Called Strike 3-2: Base on Balls
|
Batting: RHB Eric Fuller
|
0-0: Called Strike 0-1: Foul Ball, location: 2F 0-2: Ball 1-2: Strikes out swinging
|
Bottom of the 4th over - 0 run(s), 0 hit(s), 0 error(s), 1 left on base; Surrey 7 - Eau Claire 4 |
TOP OF THE 5TH |
Surrey Sinners batting - Pitching for Eau Claire Esquires : RHP Ray McIntyre
|
Batting: RHB Bill Little
|
0-0: Called Strike 0-1: Ball 1-1: Ball 2-1: Swinging Strike 2-2: Strikes out swinging
|
Batting: RHB Cooper Richard
|
0-0: Called Strike 0-1: Ball 1-1: Foul Ball, location: 2F 1-2: Strikes out swinging
|
Batting: RHB Carlos Rodríguez
|
0-0: Foul Ball, location: 2F 0-1: Ball 1-1: Called Strike 1-2: SINGLE (Line Drive, 89M)
|
Batting: LHB Edmund Ross
|
0-0: Ball Carlos Rodríguez steals 2nd base 1-0: Ball 2-0: Ground out 5-3 (Groundball, 56)
|
Top of the 5th over - 0 run(s), 1 hit(s), 0 error(s), 1 left on base; Surrey 7 - Eau Claire 4 |
BOTTOM OF THE 5TH |
Eau Claire Esquires batting - Pitching for Surrey Sinners : RHP Ryan Balloun
|
Batting: LHB Edwin Ryan
|
0-0: Ball 1-0: Ball 2-0: Ground out 4-3 (Groundball, 4)
|
Batting: LHB Michael Cook
|
0-0: Swinging Strike 0-1: Foul Ball, location: 2F 0-2: Foul Ball, location: 2F 0-2: Ball 1-2: Foul Ball, location: 2F 1-2: Foul Ball, location: 2F 1-2: SINGLE (Line Drive, 9LS)
|
Batting: RHB Norm Francis
|
0-0: Fly out, F8 (Flyball, 8RM)
|
Batting: RHB Dave Parker
|
0-0: Ball 1-0: Called Strike 1-1: Fly out, F4 (Popup, 4M)
|
Bottom of the 5th over - 0 run(s), 1 hit(s), 0 error(s), 1 left on base; Surrey 7 - Eau Claire 4 |
TOP OF THE 6TH |
Surrey Sinners batting - Pitching for Eau Claire Esquires : RHP Ray McIntyre
|
Batting: RHB Jesús Hernández
|
0-0: Ball 1-0: Foul Ball, location: 2F 1-1: Fly out, F8 (Line Drive, 8LM)
|
Batting: RHB César Osequedo
|
0-0: Called Strike 0-1: Called Strike 0-2: Ball 1-2: Strikes out swinging
|
Batting: RHB Gustavo Torres
|
0-0: Foul Ball, location: 2F 0-1: Ball 1-1: Ball 2-1: Foul Ball, location: 2F 2-2: Strikes out swinging
|
Top of the 6th over - 0 run(s), 0 hit(s), 0 error(s), 0 left on base; Surrey 7 - Eau Claire 4 |
BOTTOM OF THE 6TH |
Eau Claire Esquires batting - Pitching for Surrey Sinners : RHP Ryan Balloun
|
Batting: RHB Ronald Parsons
|
0-0: Fly out, F7 (Flyball, 78M)
|
Batting: RHB José Ruíz
|
0-0: Ball 1-0: Ball 2-0: Swinging Strike 2-1: Fly out, F9 (Line Drive, 89M)
|
Batting: RHB Seiji Kouno
|
0-0: Called Strike 0-1: Swinging Strike 0-2: Ball 1-2: Ball 2-2: SINGLE (Groundball, 56D)
|
Batting: LHB Jorge Fernández
|
0-0: Ball 1-0: Called Strike 1-1: Foul Ball, location: 2F 1-2: Ball 2-2: Strikes out swinging
|
Bottom of the 6th over - 0 run(s), 1 hit(s), 0 error(s), 1 left on base; Surrey 7 - Eau Claire 4 |
TOP OF THE 7TH |
Surrey Sinners batting - Pitching for Eau Claire Esquires : RHP Ray McIntyre
|
Pitching: RHP Ignacio Torres
|
|
Batting: RHB Ángel Barker
|
0-0: Ball 1-0: Called Strike 1-1: Foul Ball, location: 2F 1-2: Strikes out swinging
|
Batting: LHB Brian Ford
|
0-0: Called Strike 0-1: Foul Ball, location: 2F 0-2: Foul Ball, location: 2F 0-2: SINGLE (Groundball, 3D)
|
Batting: RHB Bill Little
|
0-0: Grounds into double play, U6-3 (Groundball, 6M)
|
Top of the 7th over - 0 run(s), 1 hit(s), 0 error(s), 0 left on base; Surrey 7 - Eau Claire 4 |
BOTTOM OF THE 7TH |
Eau Claire Esquires batting - Pitching for Surrey Sinners : RHP Ryan Balloun
|
Pitching: RHP Pedro Días
|
|
Batting: RHB Eric Fuller
|
0-0: Ball 1-0: Ball 2-0: Called Strike 2-1: Ball 3-1: SINGLE (Line Drive, 4MD)
|
Batting: LHB Edwin Ryan
|
0-0: Called Strike Eric Fuller steals 2nd base 0-1: Called Strike 0-2: Foul Ball, location: 2F 0-2: Strikes out looking
|
Batting: LHB Michael Cook
|
0-0: Called Strike 0-1: Ball 1-1: Foul Ball, location: 2F 1-2: Foul Ball, location: 2F 1-2: Foul Ball, location: 2F 1-2: Ground out 4-3 (Groundball, 4) Eric Fuller to third
|
Batting: RHB Norm Francis
|
0-0: Fly out, F9 (Flyball, 9S)
|
Bottom of the 7th over - 0 run(s), 1 hit(s), 0 error(s), 1 left on base; Surrey 7 - Eau Claire 4 |
TOP OF THE 8TH |
Surrey Sinners batting - Pitching for Eau Claire Esquires : RHP Ignacio Torres
|
Batting: RHB Cooper Richard
|
0-0: Swinging Strike 0-1: Ball 1-1: Swinging Strike 1-2: Strikes out looking
|
Batting: RHB Carlos Rodríguez
|
0-0: Swinging Strike 0-1: Called Strike 0-2: Strikes out swinging
|
Batting: LHB Edmund Ross
|
0-0: Ball 1-0: Ball 2-0: Foul Ball, location: 2F 2-1: Called Strike 2-2: Strikes out swinging
|
Top of the 8th over - 0 run(s), 0 hit(s), 0 error(s), 0 left on base; Surrey 7 - Eau Claire 4 |
BOTTOM OF THE 8TH |
Eau Claire Esquires batting - Pitching for Surrey Sinners : RHP Pedro Días
|
Batting: RHB Dave Parker
|
0-0: Ball 1-0: Ball 2-0: Foul Ball, location: 2F 2-1: Ball 3-1: Called Strike 3-2: Ground out 5-3 (Groundball, 56)
|
Batting: RHB Ronald Parsons
|
0-0: Ball 1-0: Swinging Strike 1-1: Swinging Strike 1-2: Strikes out swinging
|
Batting: RHB José Ruíz
|
0-0: Foul Ball, location: 2F 0-1: Foul Ball, location: 2F 0-2: Ball 1-2: Ball 2-2: Ball 3-2: Foul Ball, location: 2F 3-2: Base on Balls
|
Batting: RHB Seiji Kouno
|
0-0: Ball 1-0: Swinging Strike 1-1: Fly out, F3 (Popup, 3DF)
|
Bottom of the 8th over - 0 run(s), 0 hit(s), 0 error(s), 1 left on base; Surrey 7 - Eau Claire 4 |
TOP OF THE 9TH |
Surrey Sinners batting - Pitching for Eau Claire Esquires : RHP Ignacio Torres
|
Batting: RHB Jesús Hernández
|
0-0: Ball 1-0: Ball 2-0: Ball 3-0: Called Strike 3-1: Base on Balls
|
Batting: RHB César Osequedo
|
0-0: Ball 1-0: Called Strike 1-1: Ball 2-1: Fly out, F2 (Popup, 2RF)
|
Batting: RHB Gustavo Torres
|
0-0: Called Strike 0-1: Ball 1-1: Ball Jesús Hernández is caught stealing 2nd base 2-1: Ball 3-1: Foul Ball, location: 2F 3-2: Strikes out swinging
|
Top of the 9th over - 0 run(s), 0 hit(s), 0 error(s), 0 left on base; Surrey 7 - Eau Claire 4 |
BOTTOM OF THE 9TH |
Eau Claire Esquires batting - Pitching for Surrey Sinners : RHP Pedro Días
|
Pitching: LHP Luis Perea
|
|
Batting: LHB Jorge Fernández
|
0-0: Ball 1-0: Foul Ball, location: 2F 1-1: Swinging Strike 1-2: Foul Ball, location: 2F 1-2: Ball 2-2: Ball 3-2: Base on Balls
|
Batting: RHB Eric Fuller
|
0-0: Ball 1-0: Ball 2-0: Foul Ball, location: 2F 2-1: Ball 3-1: Base on Balls Jorge Fernández to second
|
Batting: LHB Edwin Ryan
|
0-0: Ball 1-0: Called Strike 1-1: Ball 2-1: Ball 3-1: Swinging Strike 3-2: Base on Balls Jorge Fernández to third Eric Fuller to second
|
Batting: LHB Michael Cook
|
0-0: Called Strike 0-1: Foul Ball, location: 2F 0-2: Ball 1-2: Ball 2-2: Ball 3-2: Strikes out swinging
|
Batting: RHB Norm Francis
|
0-0: Called Strike 0-1: Foul Ball, location: 2F 0-2: Strikes out swinging
|
Batting: RHB Dave Parker
|
0-0: Swinging Strike 0-1: Swinging Strike 0-2: Ball 1-2: Ball Single, Error in OF, E7, batter to second base Jorge Fernández scores Eric Fuller scores Edwin Ryan to third
|
Batting: RHB Ronald Parsons
|
0-0: Called Strike 0-1: Called Strike 0-2: Ball 1-2: Ball 2-2: Ball 3-2: Base on Balls
|
Pinch Hitting: RHB Tony Vázquez
|
0-0: Foul Ball, location: 2F 0-1: Ball 1-1: Foul Ball, location: 2F 1-2: Ball 2-2: Foul Ball, location: 2F 2-2: Fielders Choice at 2nd, U4 (Groundball, 4M)
|
Bottom of the 9th over - 2 run(s), 1 hit(s), 1 error(s), 3 left on base; Surrey 7 - Eau Claire 6 |
|